 Dungeon Crawl Stone Soup version 0.31-a0-360-gb3e1d13bf4 (webtiles) character file.

Game seed: 11074528886780104055

632 bobarctor the Purveyor of Pain (level 7, -1/43 (46) HPs)
             Began as a Demonspawn Necromancer on July 26, 2023.
             Was an Initiate of Kikubaaqudgha.
             Slain by a hell rat (5 damage)
             ... in a sewer on July 27, 2023.
             The game lasted 00:30:38 (5346 turns).

bobarctor the Purveyor of Pain (DsNe)               Turns: 5346, Time: 00:30:38

HP:   -1/43 (46)    AC:  4    Str:  9    XL:     7   Next: 24%
MP:   15/15         EV: 12    Int: 18    God:    Kikubaaqudgha [......]
Gold: 227           SH:  0    Dex: 15    Spells: 7/17 levels left

rFire   . . .        D - +3 war axe (flame)
rCold   . . .        (no shield)
rNeg    . . .        J - +0 animal skin
rPois   .            I - +1 helmet
rElec   .            (no cloak)
rCorr   .            (no gloves)
SInv    +            (no boots)
Will    .....        (no amulet)
Stlth   +++          B - ring of see invisible
HPRegen 0.27/turn    (no ring)
MPRegen 0.14/turn

%: no passive effects
@: drained
A: hooves 1, thin skeletal structure 1, demonic magic 1
a: Renounce Religion


You were in a sewer.
You worshipped Kikubaaqudgha.
Kikubaaqudgha was noncommittal.
You visited 2 branches of the dungeon, and saw 6 of its levels.
You also visited: Sewer.

You collected 227 gold pieces.

Inventory:

Hand Weapons
 y - a +2 trident of venom
 D - a +3 war axe of flaming (weapon)
Missiles
 e - 42 stones
 t - 5 curare-tipped darts
 x - 2 boomerangs of dispersal
Armour
 a - a +0 robe
 I - a +1 helmet (worn)
 J - a +0 animal skin (worn)
Jewellery
 B - a ring of see invisible (left hand)
Scrolls
 g - 6 scrolls of identify {unknown}
 i - a scroll of noise
 l - 4 scrolls of teleportation
Potions
 b - a potion of magic
 j - 2 potions of attraction {unknown}
 k - 2 potions of might {unknown}
 m - 3 potions of berserk rage {unknown}
 n - a potion of curing {unknown}
 v - 2 potions of lignification {unknown}
 w - a potion of haste {unknown}
 z - 2 potions of ambrosia {unknown}
 A - a potion of enlightenment {unknown}
 F - 2 potions of brilliance {unknown}
 H - a potion of mutation {unknown}


   Skills:
 - Level 0.1 Polearms
 + Level 2.0 Dodging
 + Level 2.1 Stealth
 * Level 5.9 Spellcasting
 * Level 6.6 Necromancy


You had 7 spell levels left.
You knew the following spells:

 Your Spells              Type           Power      Damage    Failure   Level
a - Necrotise             Necr           100%       1d9       1%          1
b - Vampiric Draining     Necr           29%        2d8       2%          3
c - Dispel Undead         Necr           29%        3d13      8%          4
d - Sublimation of Blood  Necr           29%        N/A       1%          2

Your spell library contained the following spells:

 Spells                   Type           Power      Damage    Failure   Level
 Kiss of Death            Conj/Necr      68%        2d10      3%          1
 Animate Dead             Necr           29%        N/A       8%          4
 Slow                     Hex            20%        N/A       12%         1
 Wereblood                Tmut           5%         N/A       19%         2
 Agony                    Necr           29%        N/A       22%         5
 Confusing Touch          Hex            5%         N/A       36%         3
 Summon Hydra             Summ           2%         N/A       100%        7


Dungeon Overview and Level Annotations

Branches:
Dungeon (5/15)             Temple (1/1) D:4           Sewer (1/1)

Altars:
Ashenzari
Dithmenos
Fedhas
Hepliaklqana
Kikubaaqudgha
Okawaru
Qazlal
Sif Muna
Trog
Vehumet
Xom
Yredelemnul

Shops:
D:3 (


Innate Abilities, Weirdness & Mutations

You have large cloven feet.
You have a somewhat thin skeletal structure. (Dex +2, Stealth+)
Spells you cast may paralyse adjacent enemies.


Message History

Confirm with . or Enter, or press ? or * to list all spells.
Okay, then.
You enter the shallow water.
Moving in this stuff is going to be slow.
Okay, then.
Your +2 trident of venom stops dripping with poison.
Your +3 war axe of flaming bursts into flame!
D - a +3 war axe of flaming (weapon)
You start resting.
Magic restored.
You swap places.
You swap places.
You enter the shallow water.
Moving in this stuff is going to be slow.
Your rat skeleton crumbles into dust!
Your river rat skeleton bites the hell rat.
You hit the hell rat. You burn the hell rat.
The hell rat is heavily wounded.
The hell rat barely misses you.
Your river rat skeleton bites the hell rat.
The hell rat bites you.
You feel drained.
You barely miss the hell rat. Your kick misses the hell rat.
The hell rat is severely wounded.
The hell rat bites you!
You feel drained.
Your river rat skeleton completely misses the hell rat.
The hell rat bites you!!
* * * LOW HITPOINT WARNING * * *
Your river rat skeleton closely misses the hell rat.
Casting: Necrotise (safe; 1% risk of failure)
Confirm with . or Enter, or press ? or * to list all spells.
You can't see any susceptible monsters within range! (Use Z to cast anyway.) Unknown command.
Casting: Necrotise (safe; 1% risk of failure)
Confirm with . or Enter, or press ? or * to list all spells.
Okay, then.
Okay, then.
You hit the hell rat. You burn the hell rat. Your kick misses the hell rat.
The hell rat is almost dead.
The hell rat bites you.
You die...
Kikubaaqudgha rasps: "You have failed me!
Welcome... death!"

###..~~~∩~.~~~#
#~~~~~#####.~.~.
##~.~###!∩!###~~.##
#~..##.!!??!~##~~~#
#.~.#...~~~~.~ .~.#
#~~.##~~~~~~. #...#
##.~.###~~.###~.~#
#~.~..##'##~....#
###~~.~.Zr@.~~#
###~.~..~~###
#########


You could see a hell rat (ally target) and a friendly river rat skeleton.

Vanquished Creatures
  Sigmund (D:4)
  A scorpion (D:4)
  2 hounds
  A jelly (D:4)
  An iguana (D:5)
  An orc wizard (D:3)
  Robin (D:4)
  5 gnolls (D:4)
  6 adders
  2 river rats (Sewer)
  5 worms
  3 dart slugs
  5 orcs (D:3)
  11 endoplasms
  10 giant cockroaches
  19 goblins
  8 hobgoblins
  3 quokkas
  3 ball pythons
  4 bats
  A frilled lizard (D:1)
  6 kobolds
  9 rats
  A spectral goblin (D:3)
109 creatures vanquished.

Vanquished Creatures (collateral kills)
  An ufetubus (D:5)
  An orc (D:3)
  An endoplasm (D:1)
  A goblin (D:4)
  A kobold (D:4)
5 creatures vanquished.

Grand Total: 114 creatures vanquished

Notes
Turn   | Place    | Note
-------+----------+-------------------------------------------
     0 | D:1      | bobarctor the Demonspawn Necromancer began the quest for
                  | the Orb.
     0 | D:1      | Reached XP level 1. HP: 13/13 MP: 3/3
   181 | D:1      | Gained mutation: Spells you cast may paralyse adjacent
                  | enemies. [demonic ancestry]
   181 | D:1      | Reached XP level 2. HP: 19/19 MP: 1/5
   500 | D:1      | Reached skill level 5 in Necromancy
  1186 | D:2      | Gained mutation: You have a somewhat thin skeletal
                  | structure. (Dex +2, Stealth+) [demonic ancestry]
  1186 | D:2      | Reached XP level 3. HP: 24/24 MP: 1/7
  1335 | D:2      | Learned a level 3 spell: Vampiric Draining
  1759 | D:2      | Reached XP level 4. HP: 30/30 MP: 2/8
  1877 | D:2      | Learned a level 4 spell: Dispel Undead
  2344 | D:3      | Found a faded altar of an unknown god.
  2961 | D:3      | Gained mutation: You have large cloven feet. [demonic
                  | ancestry]
  2961 | D:3      | Reached XP level 5. HP: 35/35 MP: 6/10
  3011 | D:3      | Found Heynidd's Antique Weapon Shoppe.
  3190 | D:3      | Found a blossoming altar of Fedhas.
  3732 | D:3      | Found a shimmering altar of Xom.
  3743 | D:3      | Found a bloodstained altar of Trog.
  3792 | D:4      | Noticed Sigmund
  3908 | D:4      | Killed Sigmund
  3909 | D:4      | Reached skill level 5 in Spellcasting
  3909 | D:4      | Reached skill level 6 in Necromancy
  3909 | D:4      | Reached XP level 6. HP: 40/41 MP: 4/13
  4100 | D:3      | HP: 1/41 [hound (2)]
  4403 | D:4      | Learned a level 2 spell: Sublimation of Blood
  4653 | D:4      | Found a staircase to the Ecumenical Temple.
  4676 | D:4      | Reached XP level 7. HP: 46/46 MP: 10/15
  4676 | D:4      | Noticed Robin
  4701 | D:4      | Killed Robin
  5045 | Temple   | Entered the Ecumenical Temple
  5063 | Temple   | Became a worshipper of Kikubaaqudgha
  5113 | D:5      | Entered Level 5 of the Dungeon
  5188 | D:5      | Found a glowing drain.
  5192 | Sewer    | Entered a sewer
  5346 | Sewer    | Slain by a hell rat

Illustrated notes

Levels and vault maps discovered:
D:1:      tarquinn_simple_flora_water_f, layout_loops_ring
D:2:      minmay_door_path, layout_basic, serial_aquarium,
          aquarium_bridge_square [aquarium_subvault_wall,
          aquarium_subvault_wall, aquarium_subvault_bridge,
          aquarium_subvault_bridge], aquarium_bridge_square
          [aquarium_subvault_bridge, aquarium_subvault_wall,
          aquarium_subvault_wall, aquarium_subvault_bridge],
          aquarium_window_corner, aquarium_window_2, aquarium_view_2e,
          aquarium_view_2c
D:3:      layout_basic, fedhas_altar_3, amethyst_overflow_temple_binary,
          nicolae_tso_carved_into_rock, serial_shops, shop,
          dreamdust_ecumenical_altar_drowned_temple
D:4:      layout_rooms, minmay_temple_entry_antechambers,
          hangedman_abyss_or_decor_jellyfish_corner, dreamdust_gnoll_farm,
          uniq_sigmund, uniq_robin
D:5:      cheibrodos_fertilizer, layout_rooms, gup_sewer_entry_bowl,
          uniq_menkaure, uniq_crazy_yiuf_cottage, uniq_eustachio
Temple:   zaba_magenta_temple
Sewer:    sewer_hellmonk_bad_rat

Skill      XL: |  1  2  3  4  5  6  7 |
---------------+----------------------+-----
Necromancy     | 5 6 |  6.6
Stealth        | 2 |  2.1
Spellcasting   | 3 5 |  5.9
Dodging        | 2 |  2.0
Polearms       | |  0.1

Action                     |  1- 3 |  4- 6 |  7- 9 || total
---------------------------+-------+-------+-------++-------
  Melee: Quarterstaff      |     4 |     6 |       ||    10
         Trident           |       |    15 |     6 ||    21
         Kick              |       |     4 |     1 ||     5
         War axe           |       |       |     3 ||     3
   Cast: Necrotise         |    75 |   111 |    33 ||   219
         Vampiric Draining |       |     4 |     1 ||     5
    Use: Scroll            |       |       |     7 ||     7
   Stab: Sleeping          |     2 |       |     1 ||     3
         Paralysed         |       |       |     1 ||     1
 Armour: Robe              |     3 |    11 |     1 ||    15
  Dodge: Dodged            |     6 |    37 |     7 ||    50

Table legend: (Time is in decaauts)
 A = Elapsed time spent in this place.
 B = Non-inter-level travel time spent in this place.
 C = Inter-level travel time spent in this place.
 D = Time resting spent in this place.
 E = Time spent auto-exploring this place.
 F = Levels seen in this place.
 G = Mean time per level.
                   A        B        C        D        E       F      G
               +--------+--------+--------+--------+--------+-----+--------+
         Total |   5378 |   5241 |    137 |   1210 |   3042 |   7 |  768.3 |
       Dungeon |   5174 |   5037 |    137 |   1115 |   3042 |   5 | 1034.8 |
        Temple |     42 |     42 |      0 |      0 |      0 |   1 |   42.0 |
         Sewer |    161 |    161 |      0 |     95 |      0 |   1 |  161.0 |
               +--------+--------+--------+--------+--------+-----+--------+

Top non-repeatable levels by time:
     D:3: 1592 daAuts
     D:2: 1320 daAuts
     D:4: 1314 daAuts
     D:1: 903 daAuts
   Sewer: 161 daAuts
     D:5: 43 daAuts
  Temple: 42 daAuts
